 Dungeon Crawl Stone Soup version 0.31.0-11-ge490571c62 (webtiles) character file.

Game seed: 12293860657881805296

260 Ivernyr the Shield-Bearer (level 6, -1/49 HPs)
             Began as a Formicid Fighter on Feb 7, 2024.
             Incinerated by a bombardier beetle (6 damage)
             ... with a burning spray
             ... on level 3 of the Dungeon.
             The game lasted 00:04:41 (2721 turns).

Ivernyr the Shield-Bearer (Formicid Fighter)        Turns: 2721, Time: 00:04:41

Health: -1/49      AC: 10    Str: 22    XL:     6   Next: 41%
Magic:  6/6        EV:  9    Int:  8    God:
Gold:   124        SH:  5    Dex: 13    Spells: 5/5 levels left

rFire   . . .        a - +0 quarterstaff
rCold   . . .        c - +0 buckler
rNeg    . . .        b - +0 scale mail
rPois   .            (helmet unavailable)
rElec   .            k - +2 cloak
rCorr   .            (no gloves)
SInv    +            (no boots)
Will    .....        (no amulet) Stlth
                     (no ring)
HPRegen 0.28/turn    (no ring)
MPRegen 0.10/turn

%: no passive effects
@: on fire, glowing
A: permanent stasis, dig shafts and tunnels, antennae 3, four strong arms
a: Dig, Shaft Self


You were on level 3 of the Dungeon.
You visited 1 branch of the dungeon, and saw 3 of its levels.
You also visited: Sewer.

You collected 124 gold pieces.

Inventory:

Hand Weapons
 a - a +0 quarterstaff (weapon)
Armour
 b - a +0 scale mail (worn)
 c - a +0 buckler (worn)
 k - a +2 cloak (worn)
Jewellery
 g - a ring of poison resistance
 h - a ring of positive energy
Scrolls
 f - 3 scrolls of teleportation {unknown}
 i - a scroll of revelation {unknown}
 l - 3 scrolls of identify {unknown}
 m - a scroll of fear {unknown}
 p - a scroll of enchant weapon {unknown}
Potions
 d - a potion of might
 e - a potion of invisibility {unknown}
 j - 4 potions of curing
 n - a potion of degeneration {unknown}
 o - a potion of ambrosia {unknown}
 q - 2 potions of enlightenment
 r - a potion of heal wounds


   Skills:
 + Level 4.4 Fighting
 * Level 4.2 Staves
 + Level 4.3 Armour
 + Level 5.2 Shields


You had 5 spell levels left.
You didn't know any spells.
Your spell library was empty.

Dungeon Overview and Level Annotations

Branches:
Dungeon (3/15)              Sewer (visited)

Altars:


Innate Abilities, Weirdness & Mutations

You cannot be hasted, slowed, berserked, paralysed or teleported.
You can dig through walls and to a lower floor.
You have a pair of large antennae on your head. (SInv)
Your four strong arms can wield two-handed weapons with a shield.


Message History

The bombardier beetle misses you.
You barely miss the bombardier beetle.
The bombardier beetle is lightly wounded.
The liquid fire burns you!
You barely miss the bombardier beetle.
The bombardier beetle is lightly wounded.
The liquid fire burns you! The bombardier beetle bites you.
You hit the bombardier beetle.
The bombardier beetle is moderately wounded.
The liquid fire burns you!
The bombardier beetle sprays incendiary fluid at you.
The burning spray hits you.
You are even more covered in liquid fire!
You hit the bombardier beetle but do no damage.
The bombardier beetle is moderately wounded.
The liquid fire burns you!
You hit the bombardier beetle but do no damage.
The bombardier beetle is moderately wounded.
The liquid fire burns you!
The bombardier beetle sprays incendiary fluid at you.
The burning spray hits you.
You are even more covered in liquid fire!
You shake off some of the fire as you move.
The liquid fire burns you!
You shake off some of the fire as you move.
The liquid fire burns you!
* * * LOW HITPOINT WARNING * * *
You shake off some of the fire as you move.
The liquid fire burns you!
* * * LOW HITPOINT WARNING * * *
The bombardier beetle sprays incendiary fluid at you.
The burning spray hits you.
You are even more covered in liquid fire!
You shake off some of the fire as you move.
The liquid fire burns you!
* * * LOW HITPOINT WARNING * * *
You shake off some of the fire as you move.
The liquid fire burns you!
You die...

#...# ### #### ..#
##########.. ?.###...
...........# #$...# # #
#≈≈~~~##.#####...#
.#.##~≈≈~~##....##...#
..~~~..~..≈≈.#..##...## #
!#.~≈.....~≈..÷./.....###
...≈~...@.~~~#..##....†..
...~~....B~≈.#..##.##.###
.#.~~..~..~~.#.....##.#
...##~~.~~##....##.##.#
.# #≈~.~~##...........
............#.#.###.
#.#......$##.#.#.# ..
#.#.[.....##.... .. .
#.......# ...


You could see a bombardier beetle.

Vanquished Creatures
  A kobold brigand (Sewer)
  Terence (D:3)
  5 adders
  4 river rats
  A ribbon worm (D:3)
  A dart slug (D:3)
  8 orcs (D:3)
  5 ball pythons
  4 endoplasms (D:2)
  2 giant cockroaches
  4 goblins
  2 hobgoblins
  6 jackals
  9 kobolds
  5 quokkas
  5 bats
  7 rats
70 creatures vanquished.

Notes
Turn   | Place    | Note
-------+----------+-------------------------------------------
     0 | D:1      | Ivernyr the Formicid Fighter began the quest for the Orb.
     0 | D:1      | Reached XP level 1. HP: 18/18 MP: 1/1
   491 | D:1      | Reached XP level 2. HP: 24/24 MP: 2/2
   997 | D:2      | Reached XP level 3. HP: 25/29 MP: 3/3
  1273 | D:2      | Found a faded altar of an unknown god.
  1359 | D:2      | Reached XP level 4. HP: 32/37 MP: 4/4
  2298 | D:3      | Reached XP level 5. HP: 42/42 MP: 5/5
  2308 | D:3      | Found a glowing drain.
  2320 | D:3      | Noticed Terence
  2335 | D:3      | Killed Terence
  2354 | Sewer    | Entered a sewer
  2358 | Sewer    | Reached skill level 5 in Shields
  2488 | Sewer    | Noticed a kobold brigand
  2503 | Sewer    | Reached XP level 6. HP: 37/48 MP: 6/6
  2666 | Sewer    | Found a white marble altar of Elyvilon.
  2721 | D:3      | Incinerated by a bombardier beetle

Illustrated notes

Levels and vault maps discovered:
D:1:      eino_arrival_tree_alley, layout_loops_corners
D:2:      minmay_wonky_spiral, layout_basic,
          shapermc_ecumenical_altar_mp_vishouse, nicolae_houndstooth_variations
D:3:      layout_loops_cross, overflow_temple_1_default,
          cheibrodos_sewer_entry_sluice, uniq_terence

Skill      XL: |  1  2  3  4  5  6 |
---------------+-------------------+-----
Staves         | 3 4 |  4.2
Armour         | 4 |  4.3
Fighting       | 4 |  4.4
Shields        | 5 |  5.2

Action                     |  1- 3 |  4- 6 || total
---------------------------+-------+-------++-------
  Melee: Quarterstaff      |    87 |   179 ||   266
 Armour: Scale mail        |    73 |    98 ||   171
  Dodge: Dodged            |    40 |    40 ||    80
  Block: Buckler           |    20 |    40 ||    60
